 Dungeon Crawl Stone Soup version 0.29.1-13-g9f3cf754e1 (webtiles) character file.

Game seed: 9890556716753933902

2736 DemonSlayer the Magician (level 9, -8/59 HPs)
             Began as a Demonspawn Earth Elementalist on Jan 21, 2023.
             Was a Follower of Cheibriados.
             Mangled by a human
             ... wielding a +0 war axe
              (11 damage)
             ... in a bailey.
             The game lasted 00:14:54 (7722 turns).

DemonSlayer the Magician (DsEE)                     Turns: 7722, Time: 00:14:54

Health: -8/59      AC:  9    Str: 13    XL:     9   Next: 40%
Magic:  0/20       EV: 18    Int: 23    God:    Cheibriados [*.....]
Gold:   572        SH:  0    Dex: 16    Spells: 13/23 levels left

rFire   . . .      SeeInvis .   g - +3 dagger (freeze)
rCold   . . .      Faith    .   (no shield)
rNeg    . . .      Spirit   +   k - +1 leather armour
rPois   .          Reflect  .   i - +0 helmet
rElec   .          Harm     .   (no cloak)
rCorr   .          Rampage  .   (no gloves)
Will    .....                   (no boots)
Stlth   ++........              q - amulet of guardian spirit
HPRegen 0.19/turn               v - +4 ring of evasion
MPRegen 0.17/turn               m - +4 ring of protection

@: very slow
A: hooves 1, repulsion field 1, demonic guardian 1
a: Renounce Religion, Bend Time


You were in a bailey.
You worshipped Cheibriados.
Cheibriados was aware of your devotion.
You visited 2 branches of the dungeon, and saw 8 of its levels.
You also visited: Bailey.

You collected 572 gold pieces.

Inventory:

Hand Weapons
 g - a +3 dagger of freezing (weapon)
 o - a +0 mace of protection
Armour
 i - a +0 helmet (worn)
 k - a +1 leather armour (worn)
Jewellery
 a - a ring of positive energy
 m - a +4 ring of protection (right hand)
 q - an amulet of guardian spirit (around neck)
 v - a +4 ring of evasion (left hand)
Wands
 l - a wand of polymorph (6)
Scrolls
 d - 4 scrolls of torment
 u - 3 scrolls of noise
Potions
 e - 4 potions of mutation
 p - a potion of cancellation
 r - a potion of brilliance {unknown}
 s - a potion of haste {unknown}
 w - a potion of degeneration {unknown}


   Skills:
 + Level 1.2 Fighting
 + Level 1.6 Short Blades
 + Level 0.8 Axes
 + Level 2.9 Armour
 + Level 2.8 Dodging
 + Level 3.5 Stealth
 + Level 7.8 Spellcasting
 + Level 1.1 Transmutations
 + Level 7.6 Earth Magic
 + Level 1.0 Evocations


You had 13 spell levels left.
You knew the following spells:

 Your Spells              Type           Power      Damage    Failure   Level
a - Sandblast             Erth           88%        2d18      1%          1
b - Passwall              Tmut/Erth      24%        N/A       2%          2
c - Stone Arrow           Conj/Erth      52%        3d10      5%          3
d - Petrify               Tmut/Erth      29%        N/A       16%         4

Your spell library contained the following spells:

 Spells                   Type           Power      Damage    Failure   Level
 Apportation              Tloc           16%        N/A       9%          1
 Necrotise                Necr           32%        1d5       9%          1
 Summon Small Mammal      Summ           32%        N/A       9%          1
 Gell's Gravitas          Tloc           8%         N/A       26%         3
 Lesser Beckoning         Tloc           8%         N/A       26%         3
 Teleport Other           Tloc           8%         N/A       26%         3


Dungeon Overview and Level Annotations

Branches:
Dungeon (7/15)             Temple (1/1) D:6          Bailey (1/1)

Altars:
Ashenzari
Cheibriados
Dithmenos
Fedhas
Gozag
Hepliaklqana
Kikubaaqudgha
Okawaru
Qazlal
Ru
Sif Muna
Trog
Uskayaw
Vehumet
Wu Jian
Xom
Yredelemnul

Shops:
D:3 (

Annotations:
D:6 3 runed translucent doors, Feihao's ghost, novice GrFi


Innate Abilities, Weirdness & Mutations

You have large cloven feet.
You are surrounded by a mild repulsion field. (EV +2)
A weak demonic guardian rushes to your aid.


Message History

The bullfrog barely misses you.
You hit the bullfrog. You freeze the bullfrog.
The bullfrog is lightly wounded.
The bullfrog barely misses you. The human closely misses you.
The bullfrog hits you but does no damage.
You hit the bullfrog. You freeze the bullfrog.
You kick the bullfrog, but do no damage.
The bullfrog is heavily wounded.
The human hits you with a +0 war axe!
* * * LOW HITPOINT WARNING * * *
The bullfrog hits you but does no damage.
You closely miss the bullfrog.
The bullfrog is heavily wounded.
The bullfrog hits you.
* * * LOW HITPOINT WARNING * * *
A demonic guardian appears!
The human barely misses you.
The human hits your iron imp with a +0 war axe.
You puncture the bullfrog! You freeze the bullfrog. You punch the bullfrog.
You kill the bullfrog!
Cheibriados thoroughly appreciates the change of pace.
The human hits you with a +0 war axe.
* * * LOW HITPOINT WARNING * * *
The human hits your iron imp with a +0 war axe.
You closely miss the human. Your kick misses the human.
Your iron imp hits the human.
The human closely misses you.
The human hits your iron imp with a +0 war axe.
You closely miss the human.
The human is lightly wounded.
The human misses you. The human barely misses your iron imp.
Your iron imp barely misses the human.
The orc misses you.
You closely miss the human. You kick the human.
The human is lightly wounded.
The human hits you but does no damage.
The human hits your iron imp with a +0 war axe.
The orc misses you.
Your iron imp hits the human but does no damage.
The orc attacks as you move away! The orc hits you with a +0 hand axe.
* * * LOW HITPOINT WARNING * * *
The human hits you with a +0 war axe!
You die...

')...#+#
#).....#≈~~~~~~~~~≈##
.......##≈~~~~~~~~~≈
..#######≈~.~~....~
.##..# ≈≈~....~~..#
..#o.#............#
F.#..'..~~~~.~..~.+
FFF..#~~≈≈≈≈~~o†p.#
#Fo..# ≈####≈≈†F@5#
###### # ###≈~..~#
##≈.~~~# #≈.~~##
#≈.~## +.### ###


You could see a human (ally target), a bullfrog, an orc and a friendly iron imp
(summoned).

Vanquished Creatures
  A hornet (D:6)
  3 humans (Bailey)
  Menkaure (D:4)
  2 water moccasins
  A sky beast (D:6)
  An ice beast (D:6)
  2 centaurs
  A phantom (D:5)
  6 bullfrogs
  2 scorpions
  A howler monkey (D:6)
  6 hounds
  An orc priest (D:6)
  A jelly (D:6)
  6 iguanas
  4 orc wizards
  12 gnolls
  8 adders
  2 shadow imps (D:6)
  3 white imps (D:6)
  3 worms
  A dart slug (D:1)
  13 orcs
  11 bats
  5 endoplasms (D:1)
  2 giant cockroaches
  13 goblins
  9 hobgoblins
  8 jackals (D:3)
  4 kobolds
  3 quokkas
  5 ball pythons
  2 frilled lizards (D:1)
  4 rats
147 creatures vanquished.

Vanquished Creatures (collateral kills)
  A ball python (D:4)
1 creature vanquished.

Grand Total: 148 creatures vanquished

Notes
Turn   | Place    | Note
-------+----------+-------------------------------------------
     0 | D:1      | DemonSlayer the Demonspawn Earth Elementalist began the
                  | quest for the Orb.
     0 | D:1      | Reached XP level 1. HP: 13/13 MP: 3/3
   279 | D:1      | Reached skill level 1 in Transmutations
   447 | D:1      | Gained mutation: A weak demonic guardian rushes to your
                  | aid. [demonic ancestry]
   447 | D:1      | Reached XP level 2. HP: 16/19 MP: 3/5
   451 | D:1      | Learned a level 2 spell: Passwall
  1319 | D:2      | Reached XP level 3. HP: 24/24 MP: 3/6
  2039 | D:2      | Learned a level 3 spell: Stone Arrow
  2220 | D:3      | Reached XP level 4. HP: 27/31 MP: 3/8
  2654 | D:3      | Found a faded altar of an unknown god.
  2769 | D:3      | Found Timn's Antique Weapon Boutique.
  3097 | D:4      | Reached XP level 5. HP: 36/36 MP: 2/9
  3370 | D:4      | Gained mutation: You are surrounded by a mild repulsion
                  | field. (EV +2) [demonic ancestry]
  3370 | D:4      | Reached XP level 6. HP: 42/42 MP: 6/11
  3431 | D:4      | Reached skill level 1 in Armour
  3487 | D:4      | Found a bloodstained altar of Trog.
  3588 | D:4      | Noticed Menkaure
  3598 | D:4      | Killed Menkaure
  3936 | D:4      | Learned a level 4 spell: Petrify
  3954 | D:5      | Entered Level 5 of the Dungeon
  3963 | D:5      | You fall into a shaft and drop 1 floor!
  3986 | D:6      | Found a staircase to the Ecumenical Temple.
  4014 | D:6      | Found a runed translucent gate.
  4014 | D:6      | Noticed Feihao's ghost (novice GrFi)
  4015 | D:6      | Noticed an orc warrior
  4015 | D:6      | Found a runed translucent gate.
  4015 | D:6      | Noticed an orc warrior
  4016 | D:6      | Found a runed translucent gate.
  4018 | D:6      | Identified the +7 chain mail of Moryumus {Harm}
  4018 | D:6      | Noticed an orc warrior
  4085 | D:6      | Noticed a water moccasin
  4090 | D:6      | Killed a water moccasin
  4091 | D:6      | Reached skill level 5 in Earth Magic
  4091 | D:6      | Reached XP level 7. HP: 46/47 MP: 13/13
  4156 | D:6      | Reached skill level 5 in Spellcasting
  4791 | D:6      | Reached XP level 8. HP: 36/53 MP: 8/16
  5259 | D:6      | Found a broken altar of Ashenzari.
  5259 | D:6      | Found a shimmering blue altar of Sif Muna.
  5296 | D:6      | Noticed a hornet
  5302 | D:6      | Killed a hornet
  5789 | D:6      | Identified the +2 ring mail of the Exiled Leylines {Rampage
                  | rN+ Slay+2}
  5824 | Temple   | Entered the Ecumenical Temple
  5986 | Temple   | Became a worshipper of Cheibriados the Contemplative
  6297 | D:5      | Reached skill level 1 in Evocations
  6429 | D:5      | Found a hide-covered altar of Uskayaw.
  7084 | D:7      | Found a flagged portal.
  7102 | D:7      | Reached * piety under Cheibriados
  7103 | D:7      | Gained mutation: You have large cloven feet. [demonic
                  | ancestry]
  7103 | D:7      | Reached XP level 9. HP: 54/58 MP: 17/19
  7110 | Bailey   | Entered a bailey
  7193 | Bailey   | Reached skill level 1 in Fighting
  7688 | Bailey   | Reached skill level 1 in Short Blades
  7722 | Bailey   | Mangled by a human

Illustrated notes

Levels and vault maps discovered:
D:1:      minmay_arrival_three_doors, layout_loops_corners,
          hangedman_decor_peaks_small
D:2:      layout_rooms, minmay_misc_feat_secret_circle
D:3:      layout_basic, serial_shops, nicolae_shop_advertising_works
          [nicolae_subvault_shop_adworks],
          dreamdust_ecumenical_altar_hidden_monk_grotto
D:4:      layout_cave_pools, mainiacjoe_overflow_brackets, uniq_menkaure
D:5:      layout_basic, nicolae_uskayaw_dance_hall
D:6:      minmay_polygon_palace, layout_basic, gammafunk_temple_overflow_statue,
          minmay_temple_entry_statues_pillars, biasface_ghost_orc_armoury
D:7:      layout_basic, bloody_makhleb, enter_bailey_3, serial_shops,
          shop_statue, kennysheep_potato
Temple:   nicolae_temple_slightly_damp_pantheon
Bailey:   bailey_axe_froggy_fort_hellmonk, bailey

Skill      XL: |  1  2  3  4  5  6  7  8  9 |
---------------+----------------------------+-----
Transmutations | 1 |  1.1
Earth Magic    | 3 4 5 7 |  7.6
Stealth        | 2 3 |  3.5
Spellcasting   | 3 4 5 7 |  7.8
Dodging        | 2 |  2.8
Armour         | 1 2 |  2.9
Evocations     | 1 |  1.0
Fighting       | 1 |  1.2
Short Blades   | 1 |  1.6
Axes           | |  0.8

Action                   |  1- 3 |  4- 6 |  7- 9 || total
-------------------------+-------+-------+-------++-------
Melee: Dagger            |    10 |    17 |    60 ||    87
       Executioner's axe |       |       |    11 ||    11
       Punch             |       |       |     3 ||     3
       Kick              |       |       |     9 ||     9
 Cast: Sandblast         |    57 |    61 |   121 ||   239
       Stone Arrow       |       |     2 |       ||     2
Evoke: Wand              |       |     3 |     4 ||     7
  Use: Scroll            |     3 |     1 |     8 ||    12
       Potion            |       |     1 |     7 ||     8
 Stab: Sleeping          |       |     4 |     2 ||     6
Armor: Robe              |     5 |       |       ||     5
       Leather armour    |     7 |    19 |    73 ||    99
Dodge: Dodged            |    28 |    38 |   259 ||   325
